 Dungeon Crawl Stone Soup version 0.27.0-1-g7a08968 (webtiles) character file.

Game seed: 5317896930602272531

147 alexhoolio the Skirmisher (level 5, -4/47 HPs)
             Began as a Minotaur Fighter on Dec 1, 2021.
             Slain by an orc (14 damage)
             ... on level 3 of the Dungeon.
             The game lasted 00:06:22 (2955 turns).

alexhoolio the Skirmisher (Minotaur Fighter)        Turns: 2955, Time: 00:06:23

Health: -4/47      AC:  7    Str: 22    XL:     5   Next: 7%
Magic:  4/4        EV:  7    Int:  5    God:
Gold:   103        SH:  9    Dex:  9    Spells: 4/4 levels left

rFire    . . .     SeeInvis .   j - +2 trident (freeze)
rCold    . . .     Faith    .   c - +0 kite shield
rNeg     . . .     Spirit   .   b - +0 scale mail
rPois    .         Reflect  .   (helmet restricted)
rElec    .         Harm     .   (no cloak)
rCorr    .         Rampage  .   (no gloves)
Will     .....                  (no boots)
Stlth    ..........             (no amulet)
HPRegen  0.15/turn              (no ring)
MPRegen  0.09/turn              (no ring)

@: studying Staves
A: horns 2, retaliatory headbutt
a: no special abilities


You were on level 3 of the Dungeon.
You visited 1 branch of the dungeon, and saw 4 of its levels.

You collected 103 gold pieces.

Inventory:

Hand Weapons
 a - a +0 war axe
 j - a +2 trident of freezing (weapon)
 l - a +0 hunting sling
Missiles
 m - 106 stones (quivered)
 n - 19 sling bullets
 q - 5 silver javelins
Armour
 b - a +0 scale mail (worn)
 c - a +0 kite shield (worn)
Wands
 o - a wand of polymorph (13)
 r - a wand of iceblast (9)
Scrolls
 e - a scroll of amnesia {unknown}
 h - a scroll of teleportation {unknown}
 p - a scroll of identify {unknown}
Potions
 d - a potion of might
 f - a potion of berserk rage {unknown}
 g - a potion of lignification {unknown}
 i - a potion of brilliance {unknown}
 k - 2 potions of curing {unknown}


   Skills:
 + Level 4.5 Fighting
 - Level 2.9(3.6) Axes
 * Level 3.0(3.6) Polearms
 + Level 4.5 Armour
 + Level 4.4 Shields


You had 4 spell levels left.
You didn't know any spells.
Your spell library was empty.

Dungeon Overview and Level Annotations

Branches:
Dungeon (4/15)
 Temple: D:4-7

Altars:


Innate Abilities, Weirdness & Mutations

You have a pair of horns on your head.
You reflexively headbutt those who attack you in melee.


Message History

You hear some strange, mumbled words.
Something tries to affect you, but you resist.
You closely miss something. Something hits you.
You miss something.
You hear some strange, mumbled words.
A puff of flame appears from out of thin air!
The puff of flame hits you.
You hear some strange, mumbled words.
Something tries to affect you, but you resist.
You closely miss something. Something hits you.
You closely miss something.
You hear some strange, mumbled words.
You are confused.
You bump into the rock wall.
Something hits you.
You closely miss something.
You hear some strange, mumbled words.
A puff of flame appears from out of thin air!
The puff of flame hits you!
* * * LOW HITPOINT WARNING * * *
Something hits you.
* * * LOW HITPOINT WARNING * * *
You bump into the rock wall.
Something hits you but does no damage.
You bump into the rock wall.
You feel less confused.
An orc wizard appears from thin air!
Reactivating autopickup.
The orc wizard barely misses you. You furiously retaliate!
You headbutt the orc wizard!
You kill the orc wizard!
Your Polearms skill increases to level 3!
You have reached level 5!
You completely miss the orc. The orc hits you but does no damage.
You closely miss the orc. Your headbutt misses the orc.
The orc hits you with a +1 falchion of electrocution.
* * * LOW HITPOINT WARNING * * *
The orc hits you but does no damage.
You closely miss the orc. You headbutt the orc.
The orc is almost dead.
The orc hits you but does no damage.
You are electrocuted!
You die...

#..PPPPPP.###
.#PP..P..#.#
##.P.P.P.### ##..P..P.#
#.##...##.# #.##...##.#
..#.#####.###
....#.......############
###.#.##....#...@oo))).#
............#.########.#
###.#.##.......# .#
....#.###.#.#.## .#
#####.......### .# #
#####.### o# # ##'## .#
# ##...## .# # ##.....##


You could see 2 orcs.

Vanquished Creatures
  2 orc wizards (D:3)
  Robin (D:2)
  2 adders (D:2)
  A dart slug (D:1)
  An orc (D:3)
  7 endoplasms
  3 giant cockroaches
  14 goblins
  9 hobgoblins
  4 jackals (D:2)
  5 kobolds
  2 quokkas
  6 ball pythons
  5 bats
  2 frilled lizards
  2 rats (D:2)
66 creatures vanquished.

Vanquished Creatures (others)
  A demonic plant (D:3)
  A fungus (D:3)
  A plant (D:3)
  2 withered plants (D:3)
5 creatures vanquished.

Grand Total: 71 creatures vanquished

Notes
Turn   | Place    | Note
-------+----------+-------------------------------------------
     0 | D:1      | alexhoolio the Minotaur Fighter began the quest for the
                  | Orb.
     0 | D:1      | Reached XP level 1. HP: 19/19 MP: 0/0
   486 | D:1      | Reached XP level 2. HP: 27/27 MP: 1/1
   927 | D:2      | Reached skill level 1 in Polearms
  1088 | D:2      | Reached XP level 3. HP: 26/33 MP: 2/2
  1410 | D:2      | Noticed Robin
  1640 | D:2      | Killed Robin
  1641 | D:2      | Reached XP level 4. HP: 30/40 MP: 3/3
  2298 | D:3      | Found a faded altar of an unknown god.
  2951 | D:3      | Reached XP level 5. HP: 10/47 MP: 4/4
  2955 | D:3      | Slain by an orc

Illustrated notes

Levels and vault maps discovered:
D:1:      matt_arrival_spirals, layout_basic
D:2:      layout_loops_corners, minmay_goblin_outpost, uniq_robin
D:3:      layout_loops_corners, shapermc_ecumenical_altar_gd
D:4:      layout_loops_cross, uniq_sigmund, uniq_crazy_yiuf_cottage, uniq_ijyb

Skill      XL: |  1  2  3  4 |
---------------+-------------+-----
Polearms       | 1 2 3 |  3.0
Armour         | 4 |  4.5
Fighting       | 4 |  4.5
Shields        | 4 |  4.4
Axes           | |  2.9

Action                   |  1- 3 |  4- 6 || total
-------------------------+-------+-------++-------
Melee: War axe           |    16 |       ||    16
       Headbutt          |     5 |     7 ||    12
       Trident           |    58 |    68 ||   126
Armor: Scale mail        |    24 |    22 ||    46
Dodge: Dodged            |    15 |    10 ||    25
Block: Kite shield       |    40 |    17 ||    57
